 Dungeon Crawl Stone Soup version 0.23.2-1-ga50397a6bc (webtiles) character file.

Game seed: 13743885232234289445

129112 Lemontree the Devastator (level 17, -6/135 HPs)
             Began as a Human Wizard on Apr 29, 2019.
             Was the Champion of Vehumet.
             Killed from afar by Mara (44 damage)
             ... with a bolt of fire
             ... on level 3 of the Snake Pit on May 4, 2019.
             The game lasted 03:08:27 (33461 turns).

Lemontree the Devastator (Human Wizard)            Turns: 33461, Time: 03:08:28

Health: -6/135     AC: 13    Str:  7    XL:     17   Next: 60%
Magic:  37/57      EV: 16    Int: 26    God:    Vehumet [******]
Gold:   1438       SH:  7    Dex: 12    Spells: 6/41 levels left

rFire    . . .     SeeInvis .   h - staff of power
rCold    . . .     Gourm    .   a - +2 buckler
rNeg     . . .     Faith    .   z - +0 troll leather armour
rPois    .         Spirit   .   o - +2 helmet
rElec    +         Reflect  .   V - scarf {repulsion}
rCorr    .         Harm     .   X - +2 pair of gloves
MR       +....                  N - +2 pair of boots {run}
Stlth    +.........             s - amulet of magic regeneration
HPRegen  0.72/turn              Y - ring of protection from magic
MPRegen  0.60/turn              u - ring "Aromn" {*Slow rElec MR- MP+9 Stlth-}

@: repel missiles, quick
A: no striking features
a: Renounce Religion


You were on level 3 of the Snake Pit.
You worshipped Vehumet.
Vehumet was exalted by your worship.
You were not hungry.

You visited 5 branches of the dungeon, and saw 27 of its levels.
You visited 1 bazaar.
You also visited: Ossuary and Gauntlet.

You collected 2973 gold pieces.
You spent 1535 gold pieces at shops.

Inventory:

Armour
 a - a +2 buckler (worn)
 o - a +2 helmet (worn)
 z - a +0 troll leather armour (worn)
 N - a +2 pair of boots of running (worn)
 R - a scarf of resistance
 V - a scarf of repulsion (worn)
 X - a +2 pair of gloves (worn)
Magical Staves
 h - an uncursed staff of power (weapon)
Jewellery
 n - an uncursed ring of protection from cold
 s - an amulet of magic regeneration (around neck)
 t - an uncursed ring of resist corrosion
 u - the ring "Aromn" (right hand) {*Slow rElec MR- MP+9 Stlth-}
   (You found it in a Gauntlet)

   [ring of attention]

   It insulates you from electricity.
   It affects your resistance to hostile enchantments.
   It affects your magic capacity (+9).
   It may slow you when you take damage.
   It makes you less stealthy.
 v - an uncursed amulet of the gourmand
 U - an uncursed ring of protection from magic
 Y - a ring of protection from magic (left hand)
Wands
 I - a wand of disintegration (25)
 L - a wand of clouds (8)
 O - a wand of iceblast (17)
Scrolls
 c - 11 scrolls of remove curse
 g - 8 scrolls of blinking
 j - 5 scrolls of identify
 m - 6 scrolls of amnesia
 q - 16 scrolls of teleportation
 x - a scroll of summoning
 y - 8 scrolls of immolation
 A - 4 scrolls of brand weapon
 E - 2 scrolls of enchant weapon
 F - 2 scrolls of silence
 J - 2 scrolls of acquirement
 K - 4 scrolls of magic mapping
 M - 4 scrolls of enchant armour
 P - 3 scrolls of fear
 W - 4 scrolls of fog
Potions
 b - 2 potions of invisibility
 e - a potion of heal wounds
 f - 8 potions of curing
 i - 5 potions of ambrosia
 k - 2 potions of haste
 l - 5 potions of berserk rage
 p - 2 potions of resistance
 r - 6 potions of flight
 w - 3 potions of brilliance
 B - 3 potions of magic
 C - a potion of might
 D - 7 potions of mutation
 G - 4 potions of agility
 Z - a potion of cancellation
Miscellaneous
 Q - a lamp of fire
 S - a phial of floods
Comestibles
 d - 36 rations


   Skills:
 + Level 12.8 Fighting
 + Level 2.6 Armour
 + Level 9.6 Dodging
 - Level 2.0 Stealth
 + Level 4.9 Shields
 + Level 12.5 Spellcasting
 + Level 15.8 Conjurations
 - Level 1.0 Summonings
 - Level 2.0 Translocations
 - Level 4.5 Fire Magic
 + Level 9.9 Ice Magic
 + Level 7.7 Air Magic
 - Level 3.0 Earth Magic
 - Level 3.0 Poison Magic


You had 6 spell levels left.
You knew the following spells:

 Your Spells              Type           Power        Failure   Level  Hunger
a - Magic Dart            Conj           ####         0%          1    None
b - Call Imp              Summ           ###.....     5%          2    None
c - Conjure Flame         Conj/Fire      ######..     1%          3    None
d - Blink                 Tloc           N/A          3%          2    None
e - Mephitic Cloud        Conj/Pois/Air  ######..     1%          3    None
f - Stone Arrow           Conj/Erth      ######       1%          3    None
g - Sticky Flame          Conj/Fire      ######..     1%          4    None
h - Fireball              Conj/Fire      ######....   1%          5    ###....
i - Freezing Cloud        Conj/Ice/Air   ######....   2%          6    #####..
j - Bolt of Fire          Conj/Fire      ######....   3%          6    #####..

Your spell library contained the following spells:

 Spells                   Type           Power        Failure   Level  Hunger
 Freeze                   Ice            ####         1%          1    None
 Shock                    Conj/Air       ####         1%          1    None
 Poisonous Vapours        Pois/Air       #####.       1%          2    None
 Swiftness                Chrm/Air       #####...     1%          2    None
 Throw Frost              Conj/Ice       ######       1%          2    None
 Inner Flame              Hex/Fire       ####....     1%          3    None
 Ozocubu's Armour         Chrm/Ice       #####...     1%          3    None
 Static Discharge         Conj/Air       ######..     1%          3    None
 Airstrike                Air            ######....   1%          4    None
 Throw Icicle             Conj/Ice       ######..     1%          4    None
 Bolt of Magma            Conj/Fire/Erth ######....   1%          5    ###....
 Lightning Bolt           Conj/Air       ######....   1%          5    ###....
 Passwall                 Tmut/Erth      ###.....     4%          2    None
 Animate Skeleton         Necr           N/A          5%          1    None
 Corona                   Hex            ###....      5%          1    None
 Infusion                 Chrm           ###.         5%          1    None
 Pain                     Necr           ###.         5%          1    None
 Shroud of Golubria       Chrm/Tloc      ###.......   5%          2    None
 Summon Ice Beast         Ice/Summ       #####...     5%          4    None
 Slow                     Hex            ###.....     8%          2    None
 Song of Slaying          Chrm           ###.....     8%          2    None
 Portal Projectile        Hex/Tloc       ###...       11%         3    None
 Regeneration             Chrm/Necr      ###.......   16%         3    None
 Spectral Weapon          Hex/Chrm       ###.....     16%         3    None
 Vampiric Draining        Necr           ###.......   16%         3    None
 Leda's Liquefaction      Hex/Erth       ###.......   28%         4    None
 Animate Dead             Necr           N/A          45%         4    None
 Cause Fear               Hex            ###.......   45%         4    None
 Agony                    Necr           ###.....     82%         5    ###....
 Excruciating Wounds      Chrm/Necr      ###.......   82%         5    ###....
 Hydra Form               Tmut           ###.......   100%        6    #####..
 Dragon Form              Tmut           ###.......   100%        7    ######.
 Ring of Flames           Chrm/Fire      ####......   100%        7    ######.


Dungeon Overview and Level Annotations

Branches:
Dungeon (15/15)            Temple (1/1) D:4            Lair (6/6) D:10
 Shoals (0/4) Lair:2        Snake (3/4) Lair:2        Slime (0/5) Lair:5
    Orc (2/2) D:10            Elf (0/3) Orc:2        Vaults (0/5) D:13
 Depths (0/5) D:15

Altars:
Ashenzari
Cheibriados
Dithmenos
Elyvilon
Fedhas
Gozag
Hepliaklqana
Kikubaaqudgha
Makhleb
Nemelex Xobeh
Okawaru
Qazlal
Ru
Sif Muna
Trog
Uskayaw
Vehumet
Wu Jian
Xom
Yredelemnul
The Shining One
Jiyva

Shops:
D:10 !   D:13 [*   D:15 *   Orc:2 (??((}[

Annotations:
D:2 exclusion: downstairs
D:7 exclusion: door, Prince Ribbit
Snake:3 Mara


Message History

Lemontree's illusion blinks!
Casting: Freezing Cloud (safe; 2% risk of failure)
Confirm with . or Enter, or press ? or * to list all spells.
Aiming: Freezing Cloud (safe; 2% risk of failure)
Press: ? - help, Dir - move target cursor Mara is engulfed in freezing vapours.
Mara points ostentatiously.
Magic courses through your body. Mara gestures at you.
The bolt of fire hits you!!!
* * * LOW HITPOINT WARNING * * *
You feel much better. Mara gestures at you. The bolt of fire hits you!
* * * LOW HITPOINT WARNING * * *
Press: ? - help, v - describe, . - travel The floor.
Mara gestures at you. The bolt of fire hits you!!!
You die...

########.......#.....#
....†....†.....#.....#
##.....#§......#...#.#
#..######.._..######.# #
#○....# #.# .## #.....# #.##
..## ##.#########..# ...##
#.# #....#.# ....## #@#
#....#.# ..⌠..#######
#.#####...##.#
......##.⌠.#####.§§§§§.####.#
......#.....##..R§§§§§.# #.#
†.<.⌠.'..<.⌠#.§§#§..§### #.#
......#.....#§§§#.§..# #.#
......##.⌠.##§§#######
..⌠..#######..§ ..).## ##.#


You could see Mara.

Vanquished Creatures
  Jorgrun (D:13)
  A tengu reaver (D:13)
  Aizul (Snake:2)
  The ghost of P0WERM0DE the Fighter, a journeyman VSFi of Uskayaw (Snake:1)
  A minotaur (Gauntlet)
  2 dire elephants
  The ghost of Sondor the Cleaver, a journeyman DDFi of Cheibriados (D:13)
  Snorg (Lair:5)
  2 ogre magi (Orc:2)
  4 naga warriors
  2 vault guards
  5 hydras
  A catoblepas (Lair:6)
  3 centaur warriors
  8 anacondas
  A deep troll shaman (Lair:6)
  An orc high priest (Orc:1)
  10 two-headed ogres
  3 tengu warriors
  5 death yaks (Lair:6)
  5 naga sharpshooters
  Urug (Lair:1)
  Sonja (D:13)
  4 shock serpents
  A fire crab (Gauntlet)
  A salamander mystic (Snake:1)
  2 deep trolls (Orc:2)
  An unseen horror (D:15)
  A wizard (D:12)
  4 naga ritualists
  A lindwurm (Lair:6)
  An orc knight (Orc:1)
  A necromancer (D:13)
  A wolf spider zombie (D:14)
  6 cyclopes
  6 mana vipers
  2 orc sorcerers (Orc:2)
  5 manticores
  2 deep elf magi (D:15)
  7 ugly things
  A wolf spider (D:15)
  3 salamanders
  29 black mambas
  7 elephants
  3 gargoyles
  4 naga magi
  14 spiny frogs
  A centaur skeleton (D:15)
  5 kobold demonologists
  9 komodo dragons
  A yaktaur (D:12)
  A tengu conjurer (D:14)
  13 trolls
  4 polar bears
  7 slime creatures
  A hornet (Lair:5)
  13 blink frogs
  6 dream sheep
  2 meliai zombies
  2 hippogriffs
  2 water elementals (D:12)
  3 wraiths
  4 shadows
  A vampire (D:12)
  3 spriggans
  3 wyverns
  42 yaks
  4 fire bats (Gauntlet)
  9 humans
  2 hungry ghosts
  3 basilisks
  A steam dragon (D:14)
  7 vampire mosquitoes
  A warg (Orc:2)
  17 nagas
  2 hell hounds (Gauntlet)
  A soldier ant (D:15)
  7 porcupines
  10 water moccasins
  6 black bears
  10 ice beasts
  12 orc warriors
  2 sky beasts
  An eye of draining (D:13)
  4 phantoms
  A necrophage (D:8)
  43 wolves
  27 ogres
  11 centaurs
  11 crocodiles
  12 big kobolds
  24 bullfrogs
  A gnoll sergeant (Orc:1)
  3 scorpions
  9 killer bees
  11 wights
  9 howler monkeys
  5 electric eels
  8 crimson imps
  2 quasits
  7 centaur zombies
  A jelly (D:7)
  3 bullfrog zombies
  6 hounds
  8 orc priests
  11 orc wizards
  12 worker ants
  5 iguanas
  2 hound zombies
  2 hound skeletons
  3 mummies (Ossuary)
  A worker ant zombie (D:5)
  3 gnolls (D:3)
  9 adders
  3 shadow imps
  2 adder zombies
  2 adder skeletons
  2 worms (D:3)
  5 dart slugs
  10 leopard geckos
  59 orcs
  2 ball pythons
  9 bats
  4 giant cockroaches
  A gnoll zombie (Ossuary)
  9 hobgoblins
  17 jackals
  27 kobolds
  7 quokkas
  5 frilled lizards
  13 goblins
  A goblin zombie (Ossuary)
  A hobgoblin zombie (Ossuary)
  A jackal skeleton (D:8)
  A kobold zombie (Ossuary)
  2 orc zombies (Ossuary)
  A quokka skeleton (D:6)
  7 rats
831 creatures vanquished.

Vanquished Creatures (collateral kills)
  Sigmund (D:3)
  An orc warrior (D:5)
  An orc (D:5)
  A giant cockroach (D:4)
4 creatures vanquished.

Vanquished Creatures (others)
  A vault guard (D:13)
  7 fungi
  24 plants
32 creatures vanquished.

Grand Total: 867 creatures vanquished

Notes
Turn   | Place    | Note
-------+----------+-------------------------------------------
     0 | D:1      | Lemontree the Human Wizard began the quest for the Orb.
     0 | D:1      | Reached XP level 1. HP: 13/13 MP: 4/4
   404 | D:1      | Reached XP level 2. HP: 17/19 MP: 3/6
   764 | D:1      | Reached skill level 2 in Conjurations
  1116 | D:1      | Reached XP level 3. HP: 20/24 MP: 1/7
  1708 | D:1      | Learned a level 2 spell: Call Imp
  1712 | D:1      | Learned a level 3 spell: Conjure Flame
  1715 | D:1      | Learned a level 2 spell: Blink
  1994 | D:2      | Reached XP level 4. HP: 30/30 MP: 1/9
  2245 | D:2      | Reached skill level 3 in Conjurations
  2245 | D:2      | Reached skill level 1 in Fire Magic
  2890 | D:3      | Noticed Sigmund
  3039 | D:3      | Reached XP level 5. HP: 35/35 MP: 7/10
  3585 | D:3      | Reached skill level 4 in Conjurations
  3748 | D:4      | Reached XP level 6. HP: 25/41 MP: 0/12
  4034 | D:4      | Learned a level 3 spell: Mephitic Cloud
  4094 | D:4      | Found a staircase to the Ecumenical Temple.
  4117 | Temple   | Entered the Ecumenical Temple
  4252 | D:4      | Found a hazy altar of Hepliaklqana.
  4545 | D:4      | Noticed an ogre
  4565 | D:4      | Reached skill level 1 in Poison Magic
  4573 | D:4      | Noticed an ogre
  4591 | D:4      | Killed an ogre
  4591 | D:4      | Reached skill level 1 in Fighting
  4591 | D:4      | Reached skill level 5 in Conjurations
  4591 | D:4      | Reached skill level 1 in Air Magic
  4591 | D:4      | Reached XP level 7. HP: 42/48 MP: 13/13
  4905 | D:4      | Found a sacrificial altar of Ru.
  5178 | D:3      | Found a shadowy altar of Dithmenos.
  5394 | D:3      | Found a bloodstained altar of Trog.
  5611 | D:3      | Killed Sigmund
  5638 | D:5      | Entered Level 5 of the Dungeon
  5703 | D:5      | Reached XP level 8. HP: 52/56 MP: 15/15
  5726 | D:5      | Found a radiant altar of Vehumet.
  5758 | D:5      | Became a worshipper of Vehumet
  5997 | D:5      | Reached skill level 6 in Conjurations
  6384 | D:5      | Reached skill level 5 in Spellcasting
  6442 | D:5      | Reached * piety under Vehumet
  6442 | D:5      | Offered knowledge of Freeze by Vehumet.
  6916 | D:6      | Found a blossoming altar of Fedhas.
  7084 | D:7      | You fall through a shaft!
  7093 | D:8      | Found a bloodstained altar of Trog.
  7160 | D:7      | Found a sand-covered staircase.
  7164 | Ossuary  | Entered an ossuary
  7322 | Ossuary  | Reached XP level 9. HP: 53/63 MP: 16/16
  7544 | D:7      | Reached skill level 7 in Conjurations
  7891 | D:7      | Found a snail-covered altar of Cheibriados.
  7902 | D:7      | Noticed a hippogriff
  7918 | D:7      | Killed a hippogriff
  8326 | D:7      | Found a basalt altar of Yredelemnul.
  8326 | D:7      | Noticed Prince Ribbit
  8440 | D:7      | Reached skill level 8 in Conjurations
  8556 | D:8      | Offered knowledge of Sandblast by Vehumet.
  8653 | D:8      | Reached ** piety under Vehumet
  8694 | D:8      | Found an iron altar of Okawaru.
  8904 | D:8      | Found a deep blue altar of Sif Muna.
  9022 | D:8      | Reached XP level 10. HP: 73/73 MP: 19/19
  9028 | D:8      | Reached skill level 5 in Fighting
  9048 | D:8      | Reached skill level 9 in Conjurations
  9112 | D:8      | Found an ancient bone altar of Kikubaaqudgha.
  9462 | D:8      | Noticed a three-headed hydra
  9470 | D:8      | Killed a three-headed hydra
  9484 | D:8      | Reached skill level 10 in Conjurations
  9505 | D:8      | Offered knowledge of Stone Arrow by Vehumet.
  9510 | D:8      | Learned a level 3 spell: Stone Arrow
  9814 | D:9      | Noticed a two-headed ogre
  9841 | D:9      | Killed a two-headed ogre
  9841 | D:9      | Reached skill level 1 in Earth Magic
 10103 | D:9      | Reached *** piety under Vehumet
 10168 | D:9      | Reached XP level 11. HP: 83/83 MP: 17/22
 10348 | D:9      | Offered knowledge of Sticky Flame by Vehumet.
 10367 | D:9      | Learned a level 4 spell: Sticky Flame
 10508 | D:9      | Found a hide-covered altar of Uskayaw.
 10508 | D:9      | Noticed a +0 hand axe
 10508 | D:9      | Noticed a +0 dagger
 10791 | D:10     | Entered Level 10 of the Dungeon
 10889 | D:10     | Reached skill level 11 in Conjurations
 11181 | D:10     | Reached **** piety under Vehumet
 11273 | D:10     | Offered knowledge of Fireball by Vehumet.
 11280 | D:10     | Learned a level 5 spell: Fireball
 11330 | D:10     | Found Lauvayx's Distillery.
 11334 | D:10     | Bought a potion of berserk rage for 60 gold pieces
 11334 | D:10     | Bought a potion of resistance for 120 gold pieces
 11548 | D:10     | Got an ichor-stained war axe
 11553 | D:10     | Identified the +3 war axe of Turmoil {drain, rElec Int-5
                  | Stlth+} (You found it on level 10 of the Dungeon)
 11714 | D:10     | Found a staircase to the Orcish Mines.
 12033 | D:10     | Found a staircase to the Lair.
 12225 | Lair:1   | Entered Level 1 of the Lair of Beasts
 12415 | Lair:1   | Noticed Urug
 12545 | Lair:1   | Killed Urug
 12568 | Lair:1   | Got a pitted whip
 12701 | Lair:1   | Noticed a five-headed hydra
 12726 | Lair:1   | Killed a five-headed hydra
 12726 | Lair:1   | Reached skill level 12 in Conjurations
 12726 | Lair:1   | Reached XP level 12. HP: 67/92 MP: 9/24
 13899 | Lair:2   | Found a staircase to the Snake Pit.
 14059 | Lair:2   | Identified the Disquisition on Lethal Weightlessness
 14068 | Lair:2   | Learned a level 6 spell: Freezing Cloud
 14163 | Lair:2   | Reached ***** piety under Vehumet
 14163 | Lair:2   | Reached skill level 1 in Ice Magic
 14259 | Lair:2   | Offered knowledge of Conjure Ball Lightning by Vehumet.
 14285 | Lair:2   | Identified the cursed +1 whip "Laeket" {freeze, +Inv Str+4}
                  | (You found it on level 1 of the Lair of Beasts)
 14317 | Lair:2   | Reached skill level 13 in Conjurations
 14458 | Lair:2   | Found a staircase to the Shoals.
 14836 | Lair:2   | Noticed a six-headed hydra
 14842 | Lair:2   | Killed a six-headed hydra
 15030 | Lair:3   | Reached XP level 13. HP: 94/101 MP: 25/26
 16154 | Lair:4   | Reached skill level 1 in Shields
 17105 | Lair:6   | Entered Level 6 of the Lair of Beasts
 17431 | Lair:5   | Found a staircase to the Slime Pits.
 17466 | Lair:5   | Reached skill level 10 in Spellcasting
 17612 | Lair:5   | Got an iridescent falchion
 17613 | Lair:5   | Identified the +7 falchion of Ambiguity {holy, Str+5
                  | Stlth+} (You found it on level 5 of the Lair of Beasts)
 17955 | Lair:5   | Noticed Snorg
 17962 | Lair:5   | Killed Snorg
 17962 | Lair:5   | Reached skill level 10 in Fighting
 18236 | Lair:6   | Reached XP level 14. HP: 110/110 MP: 28/28
 18239 | Lair:6   | Reached skill level 14 in Conjurations
 18243 | Lair:6   | Offered knowledge of Iskenderun's Mystic Blast by Vehumet.
 18246 | Lair:6   | Reached skill level 5 in Ice Magic
 18746 | Lair:6   | Reached skill level 5 in Dodging
 20065 | D:11     | Found an ornate altar of the Wu Jian Council.
 20599 | D:12     | Found a gate leading to a gauntlet.
 20618 | Gauntlet | Entered a Gauntlet
 20618 | Gauntlet | Found a transporter.
 20624 | Gauntlet | Noticed a dire elephant
 20627 | Gauntlet | Found a transporter.
 20638 | Gauntlet | Found a runed translucent door.
 20641 | Gauntlet | Found a transporter.
 20643 | Gauntlet | Found a transporter.
 20659 | Gauntlet | Found a transporter.
 20673 | Gauntlet | Found a transporter.
 20686 | Gauntlet | Found a transporter.
 20704 | Gauntlet | Found a transporter.
 20708 | Gauntlet | Found a transporter.
 20716 | Gauntlet | Found a transporter.
 20738 | Gauntlet | Found a transporter.
 20740 | Gauntlet | Found a transporter.
 20859 | Gauntlet | Killed a dire elephant
 20906 | Gauntlet | Got a scintillating granite ring
 20908 | Gauntlet | Identified the ring "Aromn" {*Slow rElec MR- MP+9 Stlth-}
                  | (You found it in a Gauntlet)
 21136 | Gauntlet | Noticed a minotaur
 21149 | Gauntlet | Killed a minotaur
 21149 | Gauntlet | Reached skill level 5 in Air Magic
 21525 | D:12     | Identified a +1 pair of boots of running (You found it on
                  | level 12 of the Dungeon)
 21706 | D:12     | Found a blossoming altar of Fedhas.
 21813 | D:12     | Reached XP level 15. HP: 117/117 MP: 29/29
 22642 | D:13     | Found a runed translucent gate.
 22642 | D:13     | Found a runed translucent gate.
 22642 | D:13     | Found a runed translucent gate.
 22642 | D:13     | Found an opulent altar of Gozag.
 22642 | D:13     | Noticed Sondor's ghost (journeyman DDFi)
 22642 | D:13     | Noticed a tengu reaver
 22865 | D:13     | Noticed Jorgrun
 22926 | D:13     | Killed Jorgrun
 22930 | D:13     | Offered knowledge of Poison Arrow by Vehumet.
 23077 | D:13     | Found Pifyib's Assorted Antiques.
 23125 | D:13     | Found Kistebo's Armour Emporium.
 23546 | D:13     | Noticed Sonja
 23552 | D:13     | Killed Sonja
 24292 | D:13     | Found a gate to the Vaults.
 24407 | D:13     | Killed Sondor's ghost
 24496 | D:13     | Killed a tengu reaver
 24643 | D:14     | Found a flickering gateway to a bazaar.
 24660 | Bazaar   | Entered a bazaar
 24662 | Bazaar   | Found Lusotz's General Store.
 24666 | Bazaar   | Bought a scroll of identify for 18 gold pieces
 24666 | Bazaar   | Found Ciattize's General Store.
 24666 | Bazaar   | Found Guanomah's General Store.
 24666 | Bazaar   | Found Ellae's General Store.
 24674 | Bazaar   | Bought a potion of curing for 30 gold pieces
 24674 | Bazaar   | Bought a scroll of enchant armour for 75 gold pieces
 24682 | Bazaar   | Bought a scroll of identify for 24 gold pieces
 24682 | Bazaar   | Bought a potion of curing for 36 gold pieces
 24682 | Bazaar   | Bought a scroll of blinking for 90 gold pieces
 24688 | Bazaar   | Bought a scroll of teleportation for 36 gold pieces
 24688 | Bazaar   | Bought a scroll of magic mapping for 42 gold pieces
 24721 | D:14     | Offered knowledge of Ozocubu's Refrigeration by Vehumet.
 24722 | D:14     | Reached ****** piety under Vehumet
 24877 | D:14     | Reached skill level 15 in Conjurations
 25256 | D:14     | You fall through a shaft!
 25256 | D:15     | Entered Level 15 of the Dungeon
 25436 | D:15     | Found Ubopuhol's Changing Room.
 25619 | D:15     | Reached XP level 16. HP: 127/127 MP: 31/31
 26193 | D:15     | Offered knowledge of Orb of Destruction by Vehumet.
 26718 | D:15     | Found a staircase to the Depths.
 26985 | Orc:1    | Entered Level 1 of the Orcish Mines
 27676 | Orc:2    | Entered Level 2 of the Orcish Mines
 27677 | Orc:2    | Found a staircase to the Elven Halls.
 27870 | Orc:2    | Found Tavaxug's Magic Scroll Shoppe.
 27880 | Orc:2    | Bought a scroll of fear for 45 gold pieces
 27880 | Orc:2    | Bought a scroll of teleportation for 39 gold pieces
 27880 | Orc:2    | Bought a scroll of fog for 26 gold pieces
 27880 | Orc:2    | Bought a scroll of magic mapping for 45 gold pieces
 27880 | Orc:2    | Bought a scroll of identify for 26 gold pieces
 27880 | Orc:2    | Bought a scroll of enchant armour for 97 gold pieces
 27938 | Orc:2    | Found Wineh's Antique Weapon Shoppe.
 28071 | Orc:2    | Found Mudoup's Magic Scroll Shop.
 28078 | Orc:2    | Bought a scroll of immolation for 42 gold pieces
 28078 | Orc:2    | Bought a scroll of summoning for 114 gold pieces
 28078 | Orc:2    | Bought a scroll of identify for 24 gold pieces
 28078 | Orc:2    | Bought a scroll of identify for 24 gold pieces
 28078 | Orc:2    | Bought a scroll of enchant armour for 90 gold pieces
 28078 | Orc:2    | Bought a scroll of identify for 24 gold pieces
 28078 | Orc:2    | Bought a scroll of brand weapon for 240 gold pieces
 28084 | Orc:2    | Identified 2 scrolls of acquirement
 28161 | Orc:2    | Found Neiriseu's Antique Weapon Emporium.
 28832 | Orc:2    | Offered knowledge of Bolt of Fire by Vehumet.
 28971 | Orc:2    | Found Uloadghy's Antique Armour Emporium.
 28976 | Orc:2    | Found Enap's Weapon Shop.
 28983 | Orc:2    | Bought a smelly leather armour for 168 gold pieces
 28983 | Orc:2    | Identified the +3 leather armour of Indomitability {+Inv
                  | rElec Str-2 Stlth+} (You bought it in a shop on level 2 of
                  | the Orcish Mines)
 28986 | Orc:2    | Found Cifog's Gadget Shoppe.
 29260 | Snake:1  | Entered Level 1 of the Snake Pit
 30223 | Snake:1  | Reached XP level 17. HP: 135/135 MP: 33/33
 30265 | Snake:1  | Found a runed translucent door.
 30265 | Snake:1  | Noticed P0WERM0DE's ghost (journeyman VSFi)
 30281 | Snake:1  | Killed P0WERM0DE's ghost
 30305 | Snake:1  | Identified Roxanne's Handbook of the Mutagenic Mountains
 30923 | Snake:1  | Learned a level 6 spell: Bolt of Fire
 31462 | Snake:2  | Noticed Aizul
 31476 | Snake:2  | Killed Aizul
 31476 | Snake:2  | Reached skill level 1 in Armour
 33365 | Snake:3  | Found a deep blue altar of Sif Muna.
 33426 | Snake:3  | Noticed Mara
 33435 | Snake:3  | Noticed Lemontree's illusion
 33461 | Snake:3  | Killed from afar by Mara

Skill      XL: |  1  2  3  4  5  6  7  8  9 10 11 12 13 14 15 16 17 |
---------------+----------------------------------------------------+-----
Conjurations   | 2 3 4 5 6 8 10 12 13 14 15 | 15.8
Fire Magic     | 1 3 4 |  4.5
Spellcasting   | 4 5 6 7 8 9 10 11 12 | 12.5
Poison Magic   | 1 2 3 |  3.0
Fighting       | 1 2 3 4 6 8 9 10 11 12 | 12.8
Air Magic      | 1 2 3 5 7 |  7.7
Translocations | 2 |  2.0
Earth Magic    | 2 3 |  3.0
Ice Magic      | 2 4 6 8 9 |  9.9
Shields        | 4 |  4.9
Dodging        | 3 6 7 9 |  9.6
Armour         | 2 |  2.6
Stealth        | |  2.0
Summonings     | |  1.0

Action                   |  1- 3 |  4- 6 |  7- 9 | 10-12 | 13-15 | 16-18 || total
-------------------------+-------+-------+-------+-------+-------+-------++-------
Melee: Mace              |     8 |     1 |       |       |       |       ||     9
       Dagger            |       |     6 |       |       |       |       ||     6
       Staff             |       |       |     5 |     4 |     5 |       ||    14
 Cast: Magic Dart        |    66 |   163 |   424 |   170 |     3 |     2 ||   828
       Blink             |     2 |     1 |     1 |     3 |     2 |     1 ||    10
       Conjure Flame     |       |     6 |    35 |    23 |    24 |    13 ||   101
       Call Imp          |       |     2 |    13 |     3 |       |       ||    18
       Mephitic Cloud    |       |     1 |    12 |    17 |    22 |     5 ||    57
       Stone Arrow       |       |       |       |   280 |   817 |   554 ||  1651
       Fireball          |       |       |       |     5 |    38 |    14 ||    57
       Sticky Flame      |       |       |       |       |     1 |     1 ||     2
       Freezing Cloud    |       |       |       |       |       |    15 ||    15
       Bolt of Fire      |       |       |       |       |       |    35 ||    35
Evoke: Wand              |       |       |       |       |       |     2 ||     2
  Use: Potion            |     1 |       |       |       |     3 |     8 ||    12
       Scroll            |       |     7 |     7 |     5 |    10 |     7 ||    36
 Stab: Sleeping          |     1 |       |       |       |       |       ||     1
  Eat: Chunk             |     3 |     5 |    11 |    15 |    30 |    15 ||    79
       Ration            |       |     1 |     1 |     1 |     3 |     6 ||    12
Armor: Robe              |     6 |    10 |    18 |       |       |       ||    34
       Troll leather arm |       |       |    27 |    30 |   123 |    55 ||   235
Dodge: Dodged            |    24 |    19 |    80 |    54 |   251 |   148 ||   576
       Deflected         |       |       |       |       |    13 |    21 ||    34
Block: Buckler           |       |       |       |       |   121 |    75 ||   196
